 Dungeon Crawl Stone Soup version 0.29-a0-824-gd827844252 (webtiles) character file.

Game seed: 5415527637102606128

2713 buhh the Destroyer (level 9, 0/56 HPs)
             Began as an Octopode Conjurer on July 10, 2022.
             Was a Believer of Vehumet.
             Slain by a sky beast (1 damage)
             ... on level 7 of the Dungeon.
             The game lasted 00:22:44 (10860 turns).

buhh the Destroyer (Octopode Conjurer)             Turns: 10860, Time: 00:22:44

Health: 0/56       AC:  1    Str: 12    XL:     9   Next: 66%
Magic:  1/15       EV: 13    Int: 24    God:    Vehumet [**....]
Gold:   429        SH:  0    Dex: 11    Spells: 6/16 levels left

rFire   . . .      SeeInvis .   i - +0 rapier
rCold   . . .      Faith    .   (no shield)
rNeg    . . .      Spirit   .   (helmet restricted)
rPois   .          Reflect  .   (no amulet)
rElec   .          Harm     .   o - ring of willpower
rCorr   .          Rampage  .   r - +6 ring of strength
Will    ++...                   A - ring of wizardry
Stlth   ++++......              x - ring of willpower
HPRegen 0.18/turn               (no ring)
MPRegen 0.14/turn               (no ring)
                                (no ring)
                                (no ring)

@: no status effects
A: almost no armour, amphibious, 8 rings, camouflage 1, gelatinous body 1,
(nimble swimmer 1), tentacles
a: Renounce Religion


You were on level 7 of the Dungeon.
You worshipped Vehumet.
Vehumet was pleased with you.
You visited 1 branch of the dungeon, and saw 8 of its levels.
You also visited: Ossuary.

You collected 429 gold pieces.

Inventory:

Hand Weapons
 i - a +0 rapier (weapon)
Missiles
 C - a throwing net
 D - a curare-tipped dart
Magical Staves
 m - a staff of death
Jewellery
 o - a ring of willpower (left tentacle)
 r - a +6 ring of strength (right tentacle)
 x - a ring of willpower (on tentacle)
 A - a ring of wizardry (on tentacle)
Wands
 E - a wand of flame (3)
Scrolls
 a - a scroll of identify {!d}
 b - 2 scrolls of blinking {!d}
 c - 3 scrolls of noise
 d - a scroll of magic mapping {!d}
 f - a scroll of silence {!r}
 g - 2 scrolls of amnesia
 h - a scroll of enchant armour
 k - a scroll of torment
 l - 2 scrolls of immolation {!r}
 p - 3 scrolls of fear {!d}
 F - a scroll of vulnerability {unknown}
Potions
 j - 2 potions of mutation {unknown}
 n - 2 potions of lignification {!d}
 q - 3 potions of magic {!d}
 s - 2 potions of cancellation {unknown}
 t - 2 potions of resistance {unknown}
 u - a potion of degeneration {unknown}
 v - 2 potions of curing {!d}
 w - 2 potions of heal wounds {!d}
 y - 2 potions of haste {!q}
 z - a potion of invisibility {unknown}
 B - 2 potions of berserk rage {unknown}


   Skills:
 * Level 3.0 Fighting
 - Level 3.0 Dodging
 - Level 6.0 Stealth
 * Level 4.2 Spellcasting
 - Level 11.0 Conjurations
 - Level 3.0 Hexes
 - Level 2.0 Air Magic


You had 6 spell levels left.
You knew the following spells:

 Your Spells              Type           Power      Damage    Failure   Level
a - Magic Dart            Conj           100%       1d8       1%          1
b - Static Discharge      Conj/Air       36%        3-8/arc   1%          2
c - Fulminant Prism       Conj/Hex       19%        3d11      2%          4
d - Dazzling Flash        Conj/Hex       76%        N/A       1%          3

Your spell library contained the following spells:

 Spells                   Type           Power      Damage    Failure   Level
 Foxfire                  Conj/Fire      100%       2x1d9     1%          1
 Searing Ray              Conj           100%       2d8       1%          2
 Apportation              Tloc           10%        N/A       4%          1
 Necrotise                Necr           20%        1d5       4%          1
 Summon Small Mammal      Summ           20%        N/A       4%          1
 Iskenderun's Mystic Bla  Conj/Tloc      31%        2d8       4%          4
 Lightning Bolt           Conj/Air       18%        1d32      8%          5
 Gell's Gravitas          Tloc           5%         N/A       12%         3
 Lesser Beckoning         Tloc           5%         N/A       12%         3
 Teleport Other           Tloc           5%         N/A       12%         3
 Maxwell's Capacitive Co  Air            7%         ∞         100%        8


Dungeon Overview and Level Annotations

Branches:
Dungeon (8/15) Zot: 26099  Temple (0/1) D:5            Lair (0/6) D:8
Ossuary (visited)

Altars:
Vehumet

Annotations:
D:3 exclusion: downstairs
D:6 Duvessa
D:8 exclusion: boulder beetle


Innate Abilities, Weirdness & Mutations

You cannot wear most types of armour.
You are amphibious.
You can wear up to eight rings at the same time.
Your skin changes colour to match your surroundings (Stealth+).
Your rubbery body absorbs attacks. (AC +1, EV +1)
((You are camouflaged when in or above water. (Stealth+)))
You have tentacles for arms and can constrict up to eight enemies at once.


Message History

Press: ? - help, Dir - look around, f - activate The sky beast flickers out of sight!
Deactivating autopickup; reactivate with Ctrl-A.
Something hits you. Something shocks you.
You barely miss something. Something hits you. Something shocks you.
You miss something. Something hits you. Something shocks you.
Aiming: Fulminant Prism (dangerous; 2% risk of failure)
Press: ? - help, Dir - move target You conjure a prism of explosive energy!
A fulminant prism comes into view.
Something hits you. Something shocks you.
A sky beast appears from thin air!
Reactivating autopickup.
Your fulminant prism crackles loudly.
The sky beast attacks as you move away! The sky beast hits you.
The sky beast shocks you.
The orc hits your fulminant prism with a +1 dagger of draining.
Your fulminant prism explodes!
The blast of energy engulfs the orc!!
You kill the orc!
Vehumet accepts your kill.
The blast of energy engulfs the orc!!
You kill the orc!
Vehumet accepts your kill.
You feel your power returning.
Some blue arcs ground themselves harmlessly.
The sky beast hits you.
* * * LOW HITPOINT WARNING * * *
The sky beast shocks you.
* * * LOW HITPOINT WARNING * * *
A blue arc grounds itself harmlessly.
The sky beast hits you.
* * * LOW HITPOINT WARNING * * *
The sky beast shocks you.
* * * LOW HITPOINT WARNING * * *
Aiming: Magic Dart (safe; 1% risk of failure)
Press: ? - help, Shift-Dir - straight line, f - sky beast
Aim: a sky beast (almost dead, 100% to hit)
The magic dart hits the sky beast but does no damage.
The sky beast is almost dead.
The sky beast hits you.
You die...

.... #.# #.##.# ... #.#
####.##.. ..## #.#
#........ ))# #.#
#.###.#.. #.#
##'#####.# #.##.
#.###......#.# #....
#..##......#.######.
##Y##......#...#....
#.@#......###.#....
##.##'####.........
#.)....##.##.#..<.
####...#.##.##.#.###
#...)..#.##.........
####.#......#####.[....
#....).............#.##
#.##.#....########.#.##
#.##.###.># #.#.#


You could see a sky beast.

Vanquished Creatures
  Pikel (D:4)
  A wraith (Ossuary)
  Menkaure (D:7)
  3 ice beasts
  2 sky beasts
  2 black bears
  4 centaurs
  A kobold brigand (D:8)
  2 scorpions
  A bullfrog (D:8)
  Dowan (D:6)
  A jelly (D:7)
  2 quasits (D:6)
  An orc priest (D:7)
  A hound (D:6)
  2 gnoll boudas
  An iguana (D:6)
  5 orc wizards
  A statue (D:4)
  A mummy (Ossuary)
  10 gnolls
  4 adders
  4 shadow imps (D:6)
  4 white imps (D:6)
  2 ufetubi (D:6)
  20 orcs
  3 ball pythons
  7 bats
  3 endoplasms
  2 giant cockroaches (D:1)
  6 goblins
  3 hobgoblins
  12 jackals
  3 quokkas
  3 frilled lizards
  6 gnoll skeletons (Ossuary)
  12 kobolds
  8 kobold skeletons (Ossuary)
  11 orc skeletons (Ossuary)
  4 rats
161 creatures vanquished.

Vanquished Creatures (others)
  3 demonic plants (D:6)
  45 fulminant prisms
  15 plants (D:3)
63 creatures vanquished.

Grand Total: 224 creatures vanquished

Notes
Turn   | Place    | Note
-------+----------+-------------------------------------------
     0 | D:1      | buhh the Octopode Conjurer began the quest for the Orb.
     0 | D:1      | Reached XP level 1. HP: 11/11 MP: 3/3
   275 | D:1      | Reached XP level 2. HP: 17/17 MP: 3/5
   558 | D:1      | Found a faded altar of an unknown god.
   574 | D:1      | Reached XP level 3. HP: 21/21 MP: 1/6
  2254 | D:3      | Reached XP level 4. HP: 27/27 MP: 1/7
  3248 | D:4      | Noticed Pikel
  3248 | D:4      | Noticed a lemure
  3248 | D:4      | Noticed a lemure
  3248 | D:4      | Noticed a lemure
  3248 | D:4      | Noticed a lemure
  3420 | D:4      | Learned a level 2 spell: Static Discharge
  3453 | D:4      | Noticed a black bear
  3460 | D:4      | Killed a black bear
  3461 | D:4      | Reached skill level 1 in Air Magic
  3461 | D:4      | Reached XP level 5. HP: 11/31 MP: 0/9
  3716 | D:4      | Killed Pikel
  3717 | D:4      | Reached skill level 6 in Conjurations
  3717 | D:4      | Reached XP level 6. HP: 36/36 MP: 5/10
  3717 | D:4      | Reached XP level 7. HP: 41/41 MP: 5/11
  3859 | D:4      | Found a radiant altar of Vehumet.
  4049 | D:4      | Reached skill level 7 in Conjurations
  5094 | D:4      | Became a worshipper of Vehumet
  5114 | D:5      | Entered Level 5 of the Dungeon
  5129 | D:5      | Reached XP level 8. HP: 16/46 MP: 2/12
  5697 | D:5      | Found a staircase to the Ecumenical Temple.
  5933 | D:5      | Reached skill level 8 in Conjurations
  5933 | D:5      | Reached skill level 1 in Hexes
  6537 | D:5      | Learned a level 4 spell: Fulminant Prism
  7315 | D:6      | Reached skill level 9 in Conjurations
  7318 | D:6      | Reached * piety under Vehumet
  7318 | D:6      | Offered knowledge of Freeze by Vehumet.
  7486 | D:6      | Noticed Dowan
  7596 | D:6      | Noticed Duvessa
  7623 | D:6      | Killed Dowan
  8591 | D:7      | Found a sand-covered staircase.
  8646 | D:7      | Reached XP level 9. HP: 10/51 MP: 6/13
  8656 | D:7      | Reached skill level 10 in Conjurations
  8718 | D:7      | Noticed Menkaure
  8726 | Ossuary  | Entered an ossuary
  9805 | D:7      | Killed Menkaure
  9806 | D:7      | Reached skill level 11 in Conjurations
  9806 | D:7      | Reached skill level 1 in Fighting
  9934 | D:7      | Noticed a brown ugly thing
 10148 | D:8      | Offered knowledge of Foxfire by Vehumet.
 10229 | D:8      | Reached ** piety under Vehumet
 10525 | D:8      | Learned a level 3 spell: Dazzling Flash
 10560 | D:8      | Noticed a boulder beetle
 10569 | D:8      | Found a staircase to the Lair.
 10859 | D:7      | HP: 1/56 [sky beast (5)]
 10860 | D:7      | Slain by a sky beast

Illustrated notes

Levels and vault maps discovered:
D:1:      wander_arrival_lonely_grave, layout_loops_ring,
          ebering_ecumenical_altar_rust, roderic_roman_lattice,
          nicolae_figureground_sparkle
D:2:      layout_loops_corners, serial_forest, infiniplex_forest_clump_tiny,
          infiniplex_forest_clump_small, infiniplex_forest_clump_diagonal,
          infiniplex_forest_corner_1
D:3:      minmay_recursive_quarters, layout_rooms, kennysheep_boxes
D:4:      layout_gridville, nicolae_overflow_hidden_temple, vehumet_statue,
          uniq_pikel
D:5:      layout_layer_cave, minmay_temple_entry_statues_fountains,
          chequers_serial_rivers_micro_b, grunt_decor_mini_mirrors,
          hangedman_glass_garden, lemuel_flame_loot_1
D:6:      layout_loops_ring, lemuel_crystal_altar, serial_demonic,
          serial_demonic_g, serial_demonic_e, serial_demonic_a,
          serial_demonic_d, serial_demonic_a, serial_demonic_b,
          serial_demonic_g, serial_demonic_e, uniq_duvessa
D:7:      layout_basic, nicolae_ossuary_entry_false_entrances, uniq_menkaure
D:8:      minmay_diamond_stairs, layout_basic, lair_entry_dummy, serial_shops,
          shop

Skill      XL: |  1  2  3  4  5  6  7  8  9 |
---------------+----------------------------+-----
Stealth        | 3 4 6 |  6.0
Dodging        | 3 |  3.0
Spellcasting   | 3 4 |  4.2
Air Magic      | 1 2 |  2.0
Conjurations   | 6 7 9 11 | 11.0
Hexes          | 3 |  3.0
Fighting       | 3 |  3.0

Action                   |  1- 3 |  4- 6 |  7- 9 || total
-------------------------+-------+-------+-------++-------
Melee: Dagger            |     7 |       |       ||     7
       Tentacles         |     3 |     3 |     8 ||    14
       Constrict         |     2 |     5 |    14 ||    21
       Unarmed           |     2 |       |       ||     2
       Rapier            |       |    19 |    64 ||    83
 Cast: Magic Dart        |    68 |    33 |    90 ||   191
       Static Discharge  |       |     2 |    35 ||    37
       Fulminant Prism   |       |       |    45 ||    45
       Dazzling Flash    |       |       |     1 ||     1
Evoke: Wand              |       |       |    15 ||    15
  Use: Scroll            |       |     8 |    10 ||    18
       Potion            |       |       |     4 ||     4
 Stab: Sleeping          |       |     3 |     2 ||     5
Armor: Skin              |     1 |     2 |     4 ||     7
Dodge: Dodged            |     8 |    17 |    74 ||    99

Table legend: (Time is in decaauts)
 A = Elapsed time spent in this place.
 B = Non-inter-level travel time spent in this place.
 C = Inter-level travel time spent in this place.
 D = Time resting spent in this place.
 E = Time spent auto-exploring this place.
 F = Levels seen in this place.
 G = Mean time per level.
                   A        B        C        D        E       F      G
               +--------+--------+--------+--------+--------+-----+--------+
         Total |  10875 |  10505 |    370 |   2774 |   6021 |   9 | 1208.3 |
       Dungeon |   9919 |   9549 |    370 |   2069 |   6018 |   8 | 1239.9 |
       Ossuary |    955 |    955 |      0 |    705 |      3 |   1 |  955.0 |
               +--------+--------+--------+--------+--------+-----+--------+

Top non-repeatable levels by time:
     D:4: 1991 daAuts
     D:5: 1688 daAuts
     D:6: 1442 daAuts
     D:3: 1279 daAuts
     D:1: 1194 daAuts
     D:2: 996 daAuts
 Ossuary: 955 daAuts
     D:7: 682 daAuts
     D:8: 644 daAuts
